 Dungeon Crawl Stone Soup version 0.28.0-43-g3370ac3207 (webtiles) character file.

Game seed: 4932575779089664605

17173 unlimited1921 the Cleaver (level 12, -31/97 HPs)
             Began as a Gnoll Cinder Acolyte on Mar 6, 2022.
             Was a High Priest of Ignis.
             Annihilated by a large slime creature (34 damage)
             ... on level 11 of the Dungeon.
             The game lasted 02:13:24 (26036 turns).

unlimited1921 the Cleaver (Gnoll Cinder Acolyte)   Turns: 26036, Time: 02:13:27

Health: -31/97     AC: 13    Str: 22    XL:     12   Next: 45%
Magic:  20/23      EV: 13    Int: 16    God:    Ignis [*****.]
Gold:   359        SH:  0    Dex:  8    Spells: 3/26 levels left

rFire   + . .      SeeInvis .   s - +3 flail (freeze)
rCold   . . .      Faith    .   (no shield)
rNeg    . . .      Spirit   .   Y - +3 troll leather armour
rPois   .          Reflect  .   y - +0 helmet
rElec   .          Harm     .   u - +0 cloak
rCorr   .          Rampage  .   W - +0 pair of gloves
Will    .....                   H - +0 pair of boots
Stlth   +++.......              b - amulet of the acrobat
HPRegen 1.06/turn               t - +6 ring of strength
MPRegen 0.18/turn               L - ring of wizardry

@: no status effects
A: fangs 1, strong nose, distributed training, wild magic 1
a: Renounce Religion, Fiery Armour, Foxfire Swarm, Rising Flame


You were on level 11 of the Dungeon.
You worshipped Ignis.
Ignis was extremely pleased with you.
You visited 1 branch of the dungeon, and saw 12 of its levels.

You collected 821 gold pieces.
You spent 462 gold pieces at shops.

Inventory:

Hand Weapons
 g - a +0 trident of protection
 s - a +3 flail of freezing (weapon)
 G - a +0 war axe
 K - a +1 mace of holy wrath
 P - a +3 scimitar of flaming
 T - a +2 vorpal spear
 X - a +0 hand crossbow
Missiles
 c - a curare-tipped dart
 j - 2 throwing nets
 o - 5 atropa-tipped darts (quivered)
 z - 2 silver boomerangs
 C - 33 poisoned darts
 F - 74 bolts
 Q - 12 boomerangs
 S - 3 datura-tipped darts
Armour
 u - a +0 cloak (worn)
 v - +0 acid dragon scales
 x - the +1 leather armour of the Trees {Rampage rPois}
   (You found it on level 10 of the Dungeon)

   rPois:     It protects you from poison.
   Rampage:   It bestows one free step when moving towards enemies.
 y - a +0 helmet (worn)
 H - a +0 pair of boots (worn)
 O - the +1 scale mail of Lugonu's Vengeance {-Tele rC+ Dex+5}
   (You found it on level 4 of the Dungeon)

   Dex:       It affects your dexterity (+5).
   rC:        It protects you from cold.
   -Tele:     It prevents most forms of teleportation.
 W - a +0 pair of gloves (worn)
 Y - a +3 troll leather armour (worn)
Jewellery
 b - an amulet of the acrobat (around neck)
 d - a ring of wizardry
 t - a +6 ring of strength (left hand)
 D - an amulet of reflection
 L - a ring of wizardry (right hand)
Wands
 f - a wand of digging (7)
 q - a wand of iceblast (5)
Scrolls
 h - 2 scrolls of magic mapping
 k - a scroll of blinking
 r - 5 scrolls of teleportation
 A - a scroll of brand weapon {unknown}
 B - a scroll of summoning
 E - 2 scrolls of holy word
 I - 2 scrolls of fog
 R - a scroll of immolation
 Z - a scroll of fear
Potions
 e - 2 potions of might {unknown}
 i - 4 potions of curing
 l - 6 potions of lignification
 m - a potion of brilliance {unknown}
 n - 2 potions of ambrosia
 w - 3 potions of flight {unknown}
 J - a potion of invisibility {unknown}
 M - a potion of resistance {unknown}
 N - a potion of heal wounds
 V - a potion of magic {unknown}
Miscellaneous
 a - a tin of tremorstones (2/2)
 p - a phantom mirror
 U - a box of beasts


   Skills:
 + Level 9.9 Fighting
 + Level 7.3 Short Blades
 + Level 7.3 Long Blades
 + Level 9.9 Axes
 + Level 7.3 Maces & Flails
 + Level 7.3 Polearms
 + Level 7.3 Staves
 + Level 7.3 Slings
 + Level 7.3 Bows
 + Level 7.3 Crossbows
 + Level 7.3 Throwing
 + Level 7.3 Armour
 + Level 7.3 Dodging
 + Level 7.3 Stealth
 + Level 7.3 Shields
 + Level 7.3 Unarmed Combat
 + Level 7.9 Spellcasting
 + Level 6.0 Conjurations
 + Level 6.0 Hexes
 + Level 6.0 Summonings
 + Level 6.0 Necromancy
 + Level 6.0 Translocations
 + Level 6.0 Transmutations
 + Level 8.2 Fire Magic
 + Level 6.0 Ice Magic
 + Level 6.0 Air Magic
 + Level 6.0 Earth Magic
 + Level 6.0 Poison Magic
 + Level 8.0 Invocations
 + Level 7.3 Evocations


You had 3 spell levels left.
You knew the following spells:

 Your Spells              Type           Power      Damage    Failure   Level
a - Scorch                Fire           84%        2d9       1%          2
b - Call Canine Familiar  Summ           33%        N/A       2%          3
c - Summon Guardian Gole  Hex/Summ       33%        N/A       2%          3
d - Agony                 Necr           33%        N/A       16%         5
e - Excruciating Wounds   Necr           16%        N/A       16%         5
f - Lightning Bolt        Conj/Air       16%        1d30      16%         5

Your spell library contained the following spells:

 Spells                   Type           Power      Damage    Failure   Level
 Beastly Appendage        Tmut           66%        N/A       1%          1
 Magic Dart               Conj           100%       1d8       1%          1
 Pain                     Necr           100%       1d9       1%          1
 Summon Small Mammal      Summ           100%       N/A       1%          1
 Call Imp                 Summ           33%        N/A       1%          2
 Static Discharge         Conj/Air       33%        N/A       1%          2
 Wereblood                Tmut           33%        N/A       1%          2
 Mephitic Cloud           Conj/Pois/Air  33%        N/A       2%          3
 Spider Form              Tmut/Pois      33%        N/A       2%          3
 Maxwell's Capacitive Co  Air            16%        ∞         100%        8


Dungeon Overview and Level Annotations

Branches:
Dungeon (12/15)            Temple (0/1) D:6            Lair (0/6) D:10
    Orc (0/2) D:10

Altars:
Cheibriados
Dithmenos
Elyvilon
Fedhas
Hepliaklqana
Makhleb
Okawaru
Trog
Uskayaw
Yredelemnul
The Shining One

Shops:
D:3 (   D:4 !   D:9 ?


Innate Abilities, Weirdness & Mutations

You have very sharp teeth.
Your uncanny sense of smell can sniff out nearby items.
Your experience applies equally to all skills.
Your spells are a little harder to cast, but a little more powerful.


Message History

You hit the orc. You freeze the orc. Your bite misses the orc.
The orc is heavily wounded.
The very large slime creature hits you. The slime creature hits you!
The orc hits you with a +0 short sword.
You barely miss the orc.
The orc is heavily wounded.
The very large slime creature barely misses you.
The slime creature closely misses you. The orc barely misses you.
You closely miss the orc.
The orc is heavily wounded.
The very large slime creature barely misses you.
The slime creature hits you but does no damage.
The orc misses you.
You thump the orc! You freeze the orc.
You kill the orc!
The very large slime creature hits you!!
The slime creature hits you.
There are monsters nearby!
There are monsters nearby!
There are monsters nearby!
There are monsters nearby!
There are monsters nearby!
Casting: Scorch (safe; 1% risk of failure)
Confirm with . or Enter, or press ? or * to list all spells.
A guardian golem appears, shielding your allies.
A very large slime creature splits.
The slime creature closely misses you.
You hit the slime creature. You freeze the slime creature.
Your bite misses the slime creature.
The slime creature is lightly wounded.
You carefully extract the barbed spikes from your body.
The large slime creature hits you! The slime creature barely misses you.
The slime creature closely misses you.
You hit the slime creature. You freeze the slime creature.
You bite the slime creature.
The slime creature is lightly wounded.
The large slime creature hits you!!
* * * LOW HITPOINT WARNING * * *
The slime creature closely misses you. The slime creature misses you.
The large slime creature hits you!!
You die...

.##.............###
.###..............##
.####...#....#...#.#
..###...#...^##....##
..#.#.........#.....#
..#...........####..##
..............#####..#
..............[J##...#
...............J@J.###
............#####9##
....##......# ###
....##......#
.......##..####
..###.....##..#######
..###...........##..#
...#................#
....................##


You could see a large slime creature (ally target), 2 slime creatures and a
friendly guardian golem (summoned).

Vanquished Creatures
  2 two-headed ogres
  A deep elf pyromancer (D:11)
  A cyclops (D:10)
  A manticore (D:12)
  2 ugly things
  A gargoyle (D:11)
  3 kobold demonologists (D:10)
  A slime creature (D:11)
  10 yaks
  A wyvern (D:8)
  Eustachio (D:4)
  A warg (D:10)
  An acid dragon (D:12)
  A water moccasin (D:4)
  3 sky beasts
  3 orc warriors
  A black bear (D:5)
  2 ice beasts
  11 centaurs
  2 ogres (D:5)
  A phantom (D:4)
  2 kobold brigands
  2 bullfrogs
  2 gnoll sergeants
  2 scorpions (D:6)
  A water moccasin zombie (D:6)
  A water moccasin skeleton (D:4)
  16 killer bees
  A wight (D:9)
  5 vampire bats (D:3)
  5 howler monkeys
  7 centaur zombies
  A bullfrog zombie (D:7)
  7 hounds
  2 orc priests
  2 gnoll shamans
  2 jellies
  A centaur skeleton (D:7)
  2 iguanas
  12 orc wizards
  2 killer bee zombies
  A hound zombie (D:5)
  A hound skeleton (D:4)
  6 adders
  10 gnolls
  A howler monkey skeleton (D:5)
  A shadow imp (D:4)
  2 worms (D:4)
  4 dart slugs
  30 orcs
  5 ball pythons
  5 endoplasms
  5 giant cockroaches
  6 goblins
  8 hobgoblins
  5 jackals
  3 quokkas
  8 bats
  4 frilled lizards
  11 kobolds
  3 rats
244 creatures vanquished.

Vanquished Creatures (collateral kills)
  An orc priest (D:8)
1 creature vanquished.

Vanquished Creatures (others)
  Erica (D:11)
  3 two-headed ogres (D:11)
  A wizard (D:6)
  2 ugly things
  A centaur zombie (D:11)
  A troll (D:9)
  A wraith (D:9)
  3 yaks
  2 wargs (D:10)
  An acid dragon (D:10)
  An orc warrior (D:9)
  4 centaurs (D:11)
  A kobold brigand (D:10)
  4 killer bees (D:10)
  4 wights (D:9)
  A howler monkey zombie (D:11)
  An orc (D:10)
  5 foxfires (D:1)
  A plant (D:10)
38 creatures vanquished.

Grand Total: 283 creatures vanquished

Notes
Turn   | Place    | Note
-------+----------+-------------------------------------------
     0 | D:1      | unlimited1921 the Gnoll Cinder Acolyte began the quest for
                  | the Orb.
     0 | D:1      | Reached XP level 1. HP: 23/23 MP: 4/4
   748 | D:1      | Found a faded altar of an unknown god.
   798 | D:1      | Reached XP level 2. HP: 26/29 MP: 5/5
  1024 | D:1      | Learned a level 2 spell: Scorch
  1815 | D:1      | Reached XP level 3. HP: 35/35 MP: 4/7
  2146 | D:2      | Found a snail-covered altar of Cheibriados.
  2498 | D:2      | Reached skill level 1 in Invocations
  3448 | D:3      | Reached skill level 1 in Short Blades
  3448 | D:3      | Reached skill level 1 in Long Blades
  3448 | D:3      | Reached skill level 1 in Maces & Flails
  3448 | D:3      | Reached skill level 1 in Polearms
  3448 | D:3      | Reached skill level 1 in Staves
  3448 | D:3      | Reached skill level 1 in Slings
  3448 | D:3      | Reached skill level 1 in Bows
  3448 | D:3      | Reached skill level 1 in Crossbows
  3448 | D:3      | Reached skill level 1 in Throwing
  3448 | D:3      | Reached skill level 1 in Armour
  3448 | D:3      | Reached skill level 1 in Dodging
  3448 | D:3      | Reached skill level 1 in Stealth
  3448 | D:3      | Reached skill level 1 in Shields
  3448 | D:3      | Reached skill level 1 in Unarmed Combat
  3448 | D:3      | Reached skill level 1 in Evocations
  3458 | D:3      | Reached XP level 4. HP: 41/41 MP: 0/8
  3690 | D:3      | Found Wannok's Antique Weapon Shoppe.
  3900 | D:3      | Found a hide-covered altar of Uskayaw.
  4059 | D:3      | Reached skill level 1 in Conjurations
  4059 | D:3      | Reached skill level 1 in Hexes
  4059 | D:3      | Reached skill level 1 in Summonings
  4059 | D:3      | Reached skill level 1 in Necromancy
  4059 | D:3      | Reached skill level 1 in Translocations
  4059 | D:3      | Reached skill level 1 in Transmutations
  4059 | D:3      | Reached skill level 1 in Ice Magic
  4059 | D:3      | Reached skill level 1 in Air Magic
  4059 | D:3      | Reached skill level 1 in Earth Magic
  4059 | D:3      | Reached skill level 1 in Poison Magic
  4062 | D:3      | Reached XP level 5. HP: 40/47 MP: 2/9
  4084 | D:3      | Reached XP level 6. HP: 34/53 MP: 2/11
  4336 | D:3      | Found a burning altar of Makhleb.
  4843 | D:4      | Noticed Eustachio
  4870 | D:4      | HP: 2/53 [quasit[Eustachio] (1)]
  4871 | D:4      | Killed Eustachio
  5200 | D:4      | Found a shadowy altar of Dithmenos.
  5652 | D:4      | Reached XP level 7. HP: 51/60 MP: 2/12
  7059 | D:4      | Found Xukum's Distillery.
  7069 | D:4      | Bought a potion of heal wounds for 70 gold pieces
  7069 | D:4      | Bought a potion of curing for 42 gold pieces
  7069 | D:4      | Bought a potion of degeneration for 14 gold pieces
  7352 | D:4      | Identified the +1 scale mail of Lugonu's Vengeance {-Tele
                  | rC+ Dex+5}
  7470 | D:4      | Bought 2 potions of lignification for 84 gold pieces
  7499 | D:5      | Entered Level 5 of the Dungeon
  7926 | D:5      | Reached XP level 8. HP: 67/67 MP: 11/14
  8163 | D:5      | Found a glowing golden altar of the Shining One.
  8166 | D:5      | Noticed an angel
  8881 | D:5      | Found a basalt altar of Yredelemnul.
  9011 | D:5      | Noticed a profane servitor
  9947 | D:6      | Found a staircase to the Ecumenical Temple.
  9986 | D:6      | Reached XP level 9. HP: 72/72 MP: 4/16
 10724 | D:6      | Found a hazy altar of Hepliaklqana.
 10790 | D:6      | Reached skill level 5 in Spellcasting
 10910 | D:6      | Found a bloodstained altar of Trog.
 10913 | D:6      | Noticed a wizard
 10918 | D:6      | Killed a wizard
 10986 | D:6      | Learned a level 3 spell: Call Canine Familiar
 10990 | D:6      | Learned a level 3 spell: Summon Guardian Golem
 12816 | D:7      | Reached skill level 5 in Invocations
 13489 | D:8      | Reached XP level 10. HP: 71/80 MP: 1/18
 13514 | D:8      | Reached skill level 5 in Short Blades
 13514 | D:8      | Reached skill level 5 in Long Blades
 13514 | D:8      | Reached skill level 5 in Maces & Flails
 13514 | D:8      | Reached skill level 5 in Polearms
 13514 | D:8      | Reached skill level 5 in Staves
 13514 | D:8      | Reached skill level 5 in Slings
 13514 | D:8      | Reached skill level 5 in Bows
 13514 | D:8      | Reached skill level 5 in Crossbows
 13514 | D:8      | Reached skill level 5 in Throwing
 13514 | D:8      | Reached skill level 5 in Armour
 13514 | D:8      | Reached skill level 5 in Dodging
 13514 | D:8      | Reached skill level 5 in Stealth
 13514 | D:8      | Reached skill level 5 in Shields
 13514 | D:8      | Reached skill level 5 in Unarmed Combat
 13514 | D:8      | Reached skill level 5 in Evocations
 17695 | D:9      | Found a white marble altar of Elyvilon.
 18268 | D:9      | Found an iron altar of Okawaru.
 18344 | D:9      | Noticed a two-headed ogre
 18352 | D:9      | Killed a two-headed ogre
 19023 | D:9      | Identified the +1 ring mail of Gozag's Whim {*Slow rElec
                  | rN+}
 19037 | D:9      | Found Xidithrukhe's Magic Scroll Boutique.
 19050 | D:9      | Bought a scroll of identify for 22 gold pieces
 19050 | D:9      | Bought a scroll of identify for 22 gold pieces
 19050 | D:9      | Bought a scroll of identify for 22 gold pieces
 19050 | D:9      | Bought a scroll of summoning for 104 gold pieces
 19050 | D:9      | Bought a scroll of enchant armour for 82 gold pieces
 19133 | D:9      | Reached XP level 11. HP: 87/87 MP: 15/20
 19266 | D:9      | Learned a level 5 spell: Agony
 19272 | D:9      | Learned a level 5 spell: Excruciating Wounds
 19278 | D:9      | Learned a level 5 spell: Lightning Bolt
 19653 | D:10     | Entered Level 10 of the Dungeon
 19675 | D:10     | Reached skill level 5 in Conjurations
 19675 | D:10     | Reached skill level 5 in Hexes
 19675 | D:10     | Reached skill level 5 in Summonings
 19675 | D:10     | Reached skill level 5 in Necromancy
 19675 | D:10     | Reached skill level 5 in Translocations
 19675 | D:10     | Reached skill level 5 in Transmutations
 19675 | D:10     | Reached skill level 5 in Ice Magic
 19675 | D:10     | Reached skill level 5 in Air Magic
 19675 | D:10     | Reached skill level 5 in Earth Magic
 19675 | D:10     | Reached skill level 5 in Poison Magic
 20088 | D:10     | Found a staircase to the Lair.
 20289 | D:10     | Noticed a cyclops
 20295 | D:10     | Killed a cyclops
 20448 | D:10     | Identified the +1 leather armour of the Trees {Rampage
                  | rPois}
 20505 | D:10     | Found a staircase to the Orcish Mines.
 21189 | D:10     | Noticed a cyan ugly thing
 21240 | D:10     | Killed a cyan ugly thing
 21481 | D:10     | Found a blossoming altar of Fedhas.
 21771 | D:11     | Noticed a sixfirhy
 21785 | D:11     | HP: 1/89 [sixfirhy[a kobold demonologist] (12)]
 23569 | D:11     | Noticed a two-headed ogre
 23569 | D:11     | Noticed a red ugly thing
 23578 | D:11     | Killed a two-headed ogre
 23618 | D:10     | Killed a red ugly thing
 24094 | D:11     | Noticed a two-headed ogre
 24110 | D:11     | Killed a two-headed ogre
 24111 | D:11     | Reached XP level 12. HP: 96/96 MP: 3/23
 24457 | D:11     | Noticed a two-headed ogre
 24476 | D:11     | Killed a two-headed ogre
 24946 | D:11     | Noticed Erica
 24963 | D:11     | Killed Erica
 25282 | D:12     | Noticed a two-headed ogre
 25301 | D:12     | Killed a two-headed ogre
 25551 | D:12     | Gained mutation: Armour fits poorly on your strangely
                  | shaped body. [potion of mutation]
 25551 | D:12     | Gained mutation: Your system is resistant to poisons.
                  | (rPois) [potion of mutation]
 25552 | D:12     | Lost mutation: Your system is resistant to poisons. (rPois)
                  | [potion of mutation]
 25552 | D:12     | Lost mutation: Armour fits poorly on your strangely shaped
                  | body. [potion of mutation]
 25552 | D:12     | Gained mutation: You tend to lose your temper in combat.
                  | [potion of mutation]
 25552 | D:12     | Gained mutation: You are partially covered in iridescent
                  | scales. (AC +2) [potion of mutation]
 25553 | D:12     | Lost mutation: You are partially covered in iridescent
                  | scales. (AC +2) [potion of mutation]
 25553 | D:12     | Lost mutation: You tend to lose your temper in combat.
                  | [potion of mutation]
 25553 | D:12     | Gained mutation: Your spells are a little harder to cast,
                  | but a little more powerful. [potion of mutation]
 26036 | D:11     | HP: 3/97 [large slime creature (28)]
 26036 | D:11     | Annihilated by a large slime creature

Illustrated notes

Levels and vault maps discovered:
D:1:      ncdulo_wetmaze, layout_basic, shapermc_ecumenical_altar_totnotflames
D:2:      layout_rooms, basic_altar, minmay_misc_feat_square,
          chequers_serial_rivers_small_b, chequers_mini_garden
D:3:      layout_loops_ring, nicolae_overflow_hidden_temple,
          mainiacjoe_overflow_alcove_4, serial_shops, shop, roderic_batcave,
          corexii_leaking_fountain
D:4:      minmay_opposing_rooms, layout_loops_corners, lemuel_doored_altar,
          serial_shops, nicolae_lakefront_shop, uniq_eustachio
D:5:      layout_basic, grunt_temple_overflow_holy_war, kennysheep_nub
D:6:      layout_cave_pools, worldfamousw_hep_ancestral_shrine, trog_wizard,
          minmay_temple_entry_offerings, kennysheep_donut
D:7:      layout_rooms
D:8:      layout_basic, centaur_isle
D:9:      layout_irregular_city, elyvilon_altar_3, okawaru_gym_becter,
          serial_shops, nicolae_shop_stone
D:10:     layout_loops_ring, marbit_many_paths, erik_lair_orcish_takeover,
          orc_0_dummy, dk_rats_in_the_wall
D:11:     layout_cave_pools, grunt_potential, uniq_erica
D:12:     layout_small_grid, serial_shops, kennysheep_little_box,
          nicolae_shop_behind_doors, shop, shop, shop

Skill      XL: |  1  2  3  4  5  6  7  8  9 10 11 12 |
---------------+-------------------------------------+-----
Invocations    | 1 2 3 4 5 6 7 8 |  8.0
Short Blades   | 1 2 3 4 5 6 7 |  7.3
Long Blades    | 1 2 3 4 5 6 7 |  7.3
Maces & Flails | 1 2 3 4 5 6 7 |  7.3
Polearms       | 1 2 3 4 5 6 7 |  7.3
Staves         | 1 2 3 4 5 6 7 |  7.3
Slings         | 1 2 3 4 5 6 7 |  7.3
Bows           | 1 2 3 4 5 6 7 |  7.3
Crossbows      | 1 2 3 4 5 6 7 |  7.3
Throwing       | 1 2 3 4 5 6 7 |  7.3
Armour         | 1 2 3 4 5 6 7 |  7.3
Dodging        | 1 2 3 4 5 6 7 |  7.3
Stealth        | 1 2 3 4 5 6 7 |  7.3
Shields        | 1 2 3 4 5 6 7 |  7.3
Unarmed Combat | 1 2 3 4 5 6 7 |  7.3
Evocations     | 1 2 3 4 5 6 7 |  7.3
Spellcasting   | 3 4 5 6 7 |  7.9
Conjurations   | 1 2 3 4 5 6 |  6.0
Hexes          | 1 2 3 4 5 6 |  6.0
Summonings     | 1 2 3 4 5 6 |  6.0
Necromancy     | 1 2 3 4 5 6 |  6.0
Translocations | 1 2 3 4 5 6 |  6.0
Transmutations | 1 2 3 4 5 6 |  6.0
Ice Magic      | 1 2 3 4 5 6 |  6.0
Air Magic      | 1 2 3 4 5 6 |  6.0
Earth Magic    | 1 2 3 4 5 6 |  6.0
Poison Magic   | 1 2 3 4 5 6 |  6.0
Fighting       | 7 8 9 |  9.9
Axes           | 7 8 9 |  9.9
Fire Magic     | 6 7 8 |  8.2

Action                   |  1- 3 |  4- 6 |  7- 9 | 10-12 || total
-------------------------+-------+-------+-------+-------++-------
Melee: Hand axe          |    28 |    13 |     1 |       ||    42
       Bite              |     3 |     3 |     4 |    18 ||    28
       Long sword        |    33 |       |       |       ||    33
       Short sword       |       |    22 |       |       ||    22
       Mace              |       |       |    19 |       ||    19
       Whip              |       |       |    13 |       ||    13
       Spear             |       |       |     3 |    14 ||    17
       Punch             |       |       |       |     4 ||     4
       Trident           |       |       |       |    46 ||    46
       War axe           |       |       |       |    26 ||    26
       Flail             |       |       |       |    55 ||    55
 Fire: Hunting sling     |       |    15 |    99 |    52 ||   166
       Hand crossbow     |       |       |       |    56 ||    56
Throw: Boomerang         |       |     6 |    14 |    14 ||    34
       Dart              |       |     2 |     2 |     9 ||    13
 Cast: Scorch            |    30 |    26 |   194 |   179 ||   429
       Summon Guardian G |       |       |       |    56 ||    56
       Call Canine Famil |       |       |       |    48 ||    48
       Agony             |       |       |       |     1 ||     1
       Lightning Bolt    |       |       |       |     4 ||     4
       Excruciating Woun |       |       |       |     2 ||     2
Invok: Foxfire Swarm     |     1 |       |       |       ||     1
  Use: Scroll            |       |       |     3 |    13 ||    16
       Potion            |       |       |     1 |     4 ||     5
 Stab: Distracted        |       |       |       |     1 ||     1
Armor: Leather armour    |    20 |    67 |     5 |       ||    92
       Robe              |     1 |       |       |       ||     1
       Scale mail        |       |       |    83 |    36 ||   119
       Troll leather arm |       |       |       |   116 ||   116
Dodge: Dodged            |    46 |    70 |   189 |   253 ||   558
Block: Other             |       |       |       |    28 ||    28
       Reflection        |       |       |       |    24 ||    24
